 Dungeon Crawl Stone Soup version 0.29.0-4-gdea44cf6ec (webtiles) character file.

Game seed: 10028188384867727859

22 qw the Sneak (level 2, -4/23 HPs)
             Began as a Ghoul Enchanter on Sept 4, 2022.
             Slain by Natasha (5 damage)
             ... on level 2 of the Dungeon.
             The game lasted 00:00:35 (2015 turns).

qw the Sneak (Ghoul Enchanter)                      Turns: 2015, Time: 00:00:36

Health: -4/23      AC:  5    Str: 11    XL:     2   Next: 91%
Magic:  3/3        EV: 10    Int: 10    God:
Gold:   44         SH:  0    Dex:  9    Spells: 4/4 levels left

rFire   . . .      SeeInvis .     - Unarmed
rCold   + . .      Faith    .   (no shield)
rNeg    + + +      Spirit   .   a - +0 ring mail
rPois   inf        Reflect  .   (no helmet)
rElec   .          Harm     .   (no cloak)
rCorr   .          Rampage  .   (no gloves)
Will    .....                   (no boots)
Stlth   +.........              (no amulet)
HPRegen 0.00/turn               (no ring)
MPRegen 0.08/turn               (no ring)

@: inhibited regen
A: claws 1, cold resistance 1, negative energy resistance 3, inhibited
regeneration, torment resistance 2, devour on kill
a: no special abilities


You were on level 2 of the Dungeon.
You visited 1 branch of the dungeon, and saw 2 of its levels.

You collected 44 gold pieces.


Innate Abilities, Weirdness & Mutations

You are immune to poison.
You have sharp fingernails.
Your flesh is cold resistant. (rC+)
You are immune to negative energy. (rN+++)
You do not regenerate when monsters are visible.
You are immune to unholy pain and torment.
You thrive by killing the living.


   Skills:
 - Level 1.1 Fighting
 - Level 0.8 Short Blades
 - Level 1.7 Dodging
 - Level 3.2 Stealth
 + Level 2.2 Unarmed Combat
 - Level 1.7 Spellcasting
 - Level 2.4 Hexes


You had 4 spell levels left.
You didn't know any spells.
Your spell library contained the following spells:

 Spells                   Type           Power      Damage    Failure   Level
 Ensorcelled Hibernation  Hex/Ice        6%         N/A       58%         2
 Confusing Touch          Hex            5%         N/A       65%         3
 Tukima's Dance           Hex            5%         N/A       65%         3
 Dazzling Flash           Conj/Hex       6%         N/A       82%         3

Inventory:

Armour
 a - a +0 ring mail (worn)
Scrolls
 b - a scroll of identify {unknown}

Dungeon Overview and Level Annotations

Branches:
Dungeon (2/15)

Altars:

Annotations:
D:2 Natasha


Message History

Natasha mumbles some strange words.
Natasha's front paws start to glow.
Natasha claws you.
You miss Natasha.
Natasha howls an incantation.
You feel troubled.
Natasha stares at you and mumbles some strange words.
You resist with significant effort.
The frilled lizard hisses angrily.
You scratch Natasha.
Natasha is moderately wounded.
Natasha claws you!
You scratch Natasha but do no damage.
Natasha is moderately wounded.
Natasha misses you.
You scratch Natasha.
Natasha is heavily wounded.
Natasha claws you!
You scratch Natasha but do no damage.
Natasha is heavily wounded.
You barely miss Natasha.
Natasha is heavily wounded.
Natasha mumbles some strange words.
You feel disoriented.
Natasha mumbles some strange words.
You scratch Natasha.
Natasha is severely wounded.
Natasha extends her claws.
Natasha claws you.
You closely miss Natasha.
Natasha is severely wounded.
Natasha completely misses you.
You scratch Natasha.
Natasha is almost dead.
Natasha completely misses you.
You barely miss Natasha.
Natasha is almost dead.
Natasha extends her claws.
Natasha claws you.
You die...

####### #....<#
### #.##### ....
#.########## .....
#..........#
.....5##########.#
.....lh@....# #.#
.....######.# #.#
... #.# #.# . #.#
#.# #.# #.# #.#
#.# #.# #.# #.#
#.# #.# #.#


You could see an iron imp (summoned), Natasha and a frilled lizard.

Vanquished Creatures
  A dart slug (D:1)
  3 ball pythons (D:1)
  A bat (D:1)
  2 giant cockroaches (D:1)
  2 goblins (D:1)
  A hobgoblin (D:1)
  A quokka (D:1)
  2 frilled lizards (D:1)
  4 kobolds (D:1)
  2 rats (D:1)
19 creatures vanquished.

Notes
Turn   | Place    | Note
-------+----------+-------------------------------------------
     0 | D:1      | qw the Ghoul Enchanter began the quest for the Orb.
     0 | D:1      | Reached XP level 1. HP: 14/14 MP: 2/2
     0 | D:1      | 0 ||| qw: Version: 0.1-a-103-gd6f5d3a
     0 | D:1      | 0 ||| qw: Game counter: 5674
     0 | D:1      | 0 ||| qw: Always use a shield: true
     0 | D:1      | 0 ||| qw: God list: Okawaru
     0 | D:1      | 0 ||| qw: Allow faded altars: false
     0 | D:1      | 0 ||| qw: Do Orc after D:15 true
     0 | D:1      | 0 ||| qw: Do second Lair branch before Depths: true
     0 | D:1      | 0 ||| qw: Lair rune preference: random
     0 | D:1      | 0 ||| qw: Plans: Normal
     0 | D:1      | 0 ||| PLANNING D:1-11
     1 | D:1      | 1 ||| DROPPING +1 dagger.
    12 | D:1      | 12 ||| Stepping ~*~*~tactically~*~*~ (stealth).
    18 | D:1      | Noticed a seven-headed hydra
    78 | D:1      | Reached skill level 1 in Unarmed Combat
   360 | D:1      | Noticed an eight-headed hydra
   402 | D:1      | Reached XP level 2. HP: 22/22 MP: 3/3
   436 | D:1      | Reached skill level 1 in Fighting
  1085 | D:1      | 1085 ||| Stepping ~*~*~tactically~*~*~ (hiding).
  1126 | D:1      | 1126 ||| Stepping ~*~*~tactically~*~*~ (hiding).
  1228 | D:1      | 1228 ||| Stepping ~*~*~tactically~*~*~ (hiding).
  1330 | D:1      | 1330 ||| Stepping ~*~*~tactically~*~*~ (hiding).
  1432 | D:1      | 1432 ||| Stepping ~*~*~tactically~*~*~ (hiding).
  1534 | D:1      | 1534 ||| Stepping ~*~*~tactically~*~*~ (hiding).
  1636 | D:1      | 1636 ||| Stepping ~*~*~tactically~*~*~ (hiding).
  1929 | D:1      | 1929 ||| UPGRADING to +0 ring mail.
  1939 | D:1      | 1939 ||| DROPPING +0 robe.
  1940 | D:1      | 1940 ||| READING scroll labelled MEGHUFUFUCO.
  1941 | D:1      | 1941 ||| READING scroll labelled GEAROTZUTATA.
  1942 | D:1      | 1942 ||| DROPPING 2 potions of invisibility.
  2003 | D:2      | Noticed Natasha
  2012 | D:2      | HP: 1/23 [Natasha (6)]
  2015 | D:2      | Slain by Natasha

Levels and vault maps discovered:
D:1:      sevenhm_arrival_forest_fort_small_2, layout_basic, st_stairs_12,
          minmay_misc_feat_roman, kennysheep_another_room
D:2:      minmay_diamond_boxcup, layout_basic, serial_shops, shop,
          ebering_ecumenical_altar_petrified, uniq_natasha

Skill      XL: |  1  2 |
---------------+-------+-----
Unarmed Combat | 1 2 |  2.2
Fighting       | 1 |  1.1
Short Blades   | |  0.8
Dodging        | |  1.7
Stealth        | |  3.2
Spellcasting   | |  1.7
Hexes          | |  2.4

Action                   || total
-------------------------++-------
Melee: Unarmed           ||    78
       Punch             ||     1
  Use: Scroll            ||     2
Armor: Robe              ||    18
Dodge: Dodged            ||    34

Table legend:
 A = Non-vault XP
 B = Vault XP
 C = Vault XP percentage of total XP
 D = Non-vault monster count
 E = Vault monster count
 F = Vault count percentage of total count
                 A         B        C        D         E       F
            +---------+---------+-------+---------+---------+-------
      Total |      30 |       2 |   6.2 |      18 |       1 |   5.3
            +---------+---------+-------+---------+---------+-------
        D:1 |      30 |       2 |   6.2 |      18 |       1 |   5.3
            +---------+---------+-------+---------+---------+-------
